 Dungeon Crawl Stone Soup version 0.30.1 (webtiles) character file.

Game seed: 1416809328348268147

21060 Sanktem7 the Cleaver (level 12, -17/110 HPs)
             Began as a Minotaur Fighter on July 7, 2023.
             Was a High Priest of Okawaru.
             Demolished by an orc knight
             ... wielding a +1 war axe of venom
              (23 damage)
             ... on level 2 of the Orcish Mines.
             The game lasted 00:18:19 (13276 turns).

Sanktem7 the Cleaver (Minotaur Fighter)            Turns: 13276, Time: 00:18:19

Health: -17/110    AC: 22    Str: 34    XL:     12   Next: 50%
Magic:  14/14      EV: 13    Int:  5    God:    Okawaru [*****.]
Gold:   1288       SH:  6    Dex:  6    Spells: 11/11 levels left

rFire   . . .        w - +2 war axe (freeze) {axe}
rCold   + . .        c - +0 buckler
rNeg    . . .        n - +0 plate armour
rPois   .            (helmet restricted)
rElec   .            e - +1 cloak "Iwkioll" {rC+ Will+ Str+4 Dex-4}
rCorr   .            y - +0 pair of gloves
SInv    .            I - +2 pair of boots
Will    +....        (no amulet) Stlth
                     K - ring "Zeyfuim" {EV+5 Str+4}
HPRegen 0.38/turn    j - +4 ring of slaying
MPRegen 0.14/turn

%: no passive effects
@: lethally poisoned (-17 -> -29)
A: horns 2, retaliatory headbutt
a: Renounce Religion, Heroism, Finesse, Duel


You were on level 2 of the Orcish Mines.
You worshipped Okawaru.
Okawaru was extremely pleased with you.
You visited 3 branches of the dungeon, and saw 14 of its levels.

You collected 1450 gold pieces.
You spent 162 gold pieces at shops.


Innate Abilities, Weirdness & Mutations

You have a pair of horns on your head.
You reflexively headbutt those who attack you in melee.


   Skills:
 + Level 11.1 Fighting
 * Level 14.8 Axes
 + Level 7.2 Throwing
 + Level 11.2 Armour
 + Level 11.1 Shields
 - Level 5.0 Invocations


You had 11 spell levels left.
You didn't know any spells.
Your spell library contained the following spells:

 Spells                   Type           Power      Damage    Failure   Level
 Cigotuvi's Dreadful Rot  Necr/Pois/Air  0%         N/A       99%         2
 Gell's Gravitas          Tloc           0%         N/A       100%        3
 Portal Projectile        Hex/Tloc       0%         N/A       100%        3
 Stone Arrow              Conj/Erth      0%         3d7       100%        3
 Teleport Other           Tloc           0%         N/A       100%        3
 Dispel Undead            Necr           0%         3d6       100%        4
 Leda's Liquefaction      Hex/Erth       0%         N/A       100%        4
 Blade Hands              Tmut           0%         N/A       100%        5
 Dispersal                Tloc           0%         N/A       100%        6
 Iron Shot                Conj/Erth      0%         9d1       100%        6
 Orb of Destruction       Conj           0%         9d5       100%        7
 Lehudib's Crystal Spear  Conj/Erth      0%         10d2      100%        8
 Call Canine Familiar     Summ           Unusable   N/A       N/A         3
 Summon Guardian Golem    Hex/Summ       Unusable   N/A       N/A         3
 Animate Armour           Summ/Erth      Unusable   N/A       N/A         4
 Death Channel            Necr           Unusable   N/A       N/A         6
 Spellforged Servitor     Conj/Summ      Unusable   N/A       N/A         7

Inventory:

Hand Weapons
 w - a +2 war axe of freezing (weapon) {axe}
   (You took it off an orc on level 8 of the Dungeon)
 z - a +2 mace of protection {mace}
   (You took it off an orc on level 5 of the Dungeon)
Missiles
 f - 105 stones (quivered) {throwing}
 h - 18 poisoned darts {throwing}
 r - 3 javelins {throwing}
 A - 3 boomerangs of dispersal {=f!fthrowing}
 D - 23 boomerangs {throwing}
 G - 3 curare-tipped darts {=fthrowing}
 L - 3 throwing nets {=f!fthrowing}
Armour
 c - a +0 buckler (worn)
 e - the +1 cloak "Iwkioll" (worn) {rC+ Will+ Str+4 Dex-4}
   (Okawaru gifted it to you on level 2 of the Orcish Mines)

   Str:       It affects your strength (+4).
   Dex:       It affects your dexterity (-4).
   rC:        It protects you from cold.
   Will:      It increases your willpower.
 n - a +0 plate armour (worn)
   (You found it on level 3 of the Dungeon)
 p - a +2 cloak
   (You bought it in a shop on level 4 of the Dungeon)
 y - a +0 pair of gloves (worn)
   (You found it on level 5 of the Dungeon)
 I - a +2 pair of boots (worn)
   (You found it on level 7 of the Dungeon)
Jewellery
 j - a +4 ring of slaying (right hand)
   (You found it on level 6 of the Dungeon)
 E - a ring of protection from cold
   (You found it on level 8 of the Dungeon)
 K - the ring "Zeyfuim" (left hand) {EV+5 Str+4}
   (You found it on level 11 of the Dungeon)

   [ring of evasion]

   EV:        It affects your evasion (+5).
   Str:       It affects your strength (+4).
Wands
 C - a wand of polymorph (10)
   (You found it on level 8 of the Dungeon)
 F - a wand of flame (8)
   (You found it on level 11 of the Dungeon)
 H - a wand of paralysis (12)
   (You found it on level 7 of the Dungeon)
Scrolls
 a - a scroll of noise {!r}
 g - 3 scrolls of fog
 i - a scroll of silence {!r}
 k - 8 scrolls of teleportation {@r4}
 m - a scroll of magic mapping {!r}
 q - 2 scrolls of amnesia
 t - 2 scrolls of torment {!r}
 x - a scroll of fear
 J - a scroll of butterflies
Potions
 b - 3 potions of haste {@q3}
 d - a potion of might
 o - 3 potions of resistance
 s - 2 potions of curing {@q1}
 u - a potion of heal wounds {@q2}
 v - 5 potions of mutation {!q}
 B - 3 potions of lignification {!q}

Dungeon Overview and Level Annotations

Branches:
Dungeon (11/15) Zot: 25106  Temple (1/1) D:7 Zot: 5804    Lair (0/5) D:9
    Orc (2/2) D:11 Zot: 9308     Elf (0/3) Orc:2

Altars:
Ashenzari
Cheibriados
Dithmenos
Elyvilon
Fedhas
Gozag
Kikubaaqudgha
Makhleb
Nemelex Xobeh
Okawaru
Ru
Sif Muna
Trog
Uskayaw
Vehumet
Wu Jian
Xom
Yredelemnul
Zin
The Shining One

Shops:
D:2 *   D:4 *

Annotations:
D:8 2 transporters

.....# ......###
........#
รท.......##
.o......4##
.รท....o.o.# #oo4##
###### ##3o4#
###....# ##@..#
#.....## ###)...#
......#######.....##
...#.##..........##
###
...#..#.........##
##.##
..............###
#...#
......#.[....##
#######..###
...)[)..).####
##.##..#....####
...[[....##
##............#.##


You could see 2 orc knights, a hellwing (summoned), a sixfirhy (summoned), 2
chaos spawn, 2 orc sorcerers and an orc wizard (strong).


Message History

The orc knight shouts!
The orc priest shouts!
You hear a shout! ๐Ÿ˜Ž HP[+24] MP[+2]
Your hp is fully restored (110).
Your mp is fully restored (14).
There are monsters nearby!
An orc wizard comes into view. It is wielding a +0 dagger.
The orc wizard shouts!
You hear a shout!
An orc sorcerer comes into view.
It is wielding a +0 dagger and wearing a +1 robe of willpower.
An orc wizard comes into view. It is wielding a +0 dagger.
An orc knight comes into view. It is wielding a +0 dire flail.
The orc sorcerer gestures at you while chanting.
The bolt of fire hits you.
You hear a shout! ๐Ÿ˜• HP[-5]
You take 5 damage, and now have 105/110 hp.
The orc knight roars a battlecry!
The orcs go into a battle-frenzy!
You hear a shout! ๐Ÿ˜• HP[+1]
The orc knight shouts!
The orc knight roars a battlecry!
The orc knight goes into a battle-frenzy!
The orc wizard gestures wildly while chanting.
The orc wizard flickers and vanishes!
Deactivating autopickup; reactivate with Ctrl-A.
The orc priest closely misses you.
You slash the orc priest! You freeze the orc priest.
You kill the orc priest!
Okawaru accepts your kill.
An orc sorcerer comes into view.
It is wielding a +0 dagger and wearing a +1 robe of fire resistance.
You barely miss the orc knight.
Your headbutt misses the orc knight. ๐Ÿ˜• HP[+1]
You slice the orc knight!! You freeze the orc knight.
The orc sorcerer mumbles some strange words.
The orc knight hits you with a +1 war axe of venom!
You are poisoned. ๐Ÿ˜• HP[-11]
You take 11 damage, and now have 96/110 hp.
You slash the orc knight! You freeze the orc knight.
You headbutt the orc knight, but do no damage.
You hit something. You freeze something.
You feel very sick.
You hear some strange, mumbled words.
A magic dart appears from out of thin air!
The magic dart hits you but does no damage.
The orc sorcerer casts a spell. ๐Ÿ˜• HP[-5]
You take 5 damage, and now have 91/110 hp.
You slash the orc knight! You freeze the orc knight. You hit something.
You freeze something.
You feel very sick.
The orc knight hits you with a +1 war axe of venom!!
You are more poisoned. ๐Ÿ˜ฎ HP[-24]
You take 24 damage, and now have 67/110 hp.
MASSIVE DAMAGE!! (PAUSE)
The orc knight attacks as you move away!
The orc knight hits you with a +1 war axe of venom!
The sixfirhy attacks as you move away! The sixfirhy barely misses you.
You feel extremely sick. The sixfirhy misses you.
You block the sixfirhy's attack. x2
The orc sorcerer gestures wildly while chanting. ๐Ÿ˜จ HP[-16]
You take 16 damage, and now have 51/110 hp.
You feel better.
The sixfirhy barely misses you. ๐Ÿ˜ฎ HP[+5]
You regained 5 hp, and now have 56/110 hp.
You closely miss the orc knight. You miss the sixfirhy. ๐Ÿ˜ฎ HP[+1]
You closely miss the orc knight. Your headbutt misses the orc knight.
You hit the sixfirhy. You freeze the sixfirhy.
The orc knight hits you with a +1 war axe of venom!
* * * LOW HITPOINT WARNING * * *
You are poisoned. ๐Ÿ˜จ HP[-16]
You take 16 damage, and now have 41/110 hp.
You barely miss the orc knight. Your headbutt misses the orc knight.
You slash the sixfirhy! You freeze the sixfirhy. You hit something.
You freeze something.
You feel sick.
The sixfirhy hits you but does no damage. x2
Something barely misses you.
The orc sorcerer casts a spell.
The orc knight hits you but does no damage.
You are more poisoned. ๐Ÿ˜จ HP[-2]
You take 2 damage, and now have 39/110 hp.
You barely miss the orc knight. Your headbutt misses the orc knight.
You slash the sixfirhy! You freeze the sixfirhy. You barely miss something.
You feel very sick.
The sixfirhy hits you but does no damage.
The sixfirhy hits you.
* * * LOW HITPOINT WARNING * * *
The sixfirhy shocks you!
* * * LOW HITPOINT WARNING * * *
The sixfirhy hits you!
* * * LOW HITPOINT WARNING * * *
The sixfirhy shocks you!
* * * LOW HITPOINT WARNING * * *
Something hits you but does no damage.
The orc knight hits you with a +1 war axe of venom!!
You die...

Skill      XL: |  1  2  3  4  5  6  7  8  9 10 11 12 |
---------------+-------------------------------------+-----
Axes           | 3 8 9 10 11 12 14 | 14.8
Fighting       | 4 6 7 8 9 10 11 | 11.1
Armour         | 4 6 7 8 9 10 11 | 11.2
Shields        | 4 6 7 8 9 10 11 | 11.1
Throwing       | 1 2 3 4 5 6 7 |  7.2
Invocations    | 2 4 5 |  5.0

Action                     |  1- 3 |  4- 6 |  7- 9 | 10-12 || total
---------------------------+-------+-------+-------+-------++-------
  Melee: War axe           |    58 |    82 |   224 |   369 ||   733
         Headbutt          |     9 |    10 |    40 |    69 ||   128
    Use: Potion            |     3 |     1 |       |     1 ||     5
         Scroll            |       |     5 |     5 |    10 ||    20
 Armour: Scale mail        |    28 |       |       |       ||    28
         Skin              |     3 |     2 |       |       ||     5
         Plate armour      |       |    68 |   183 |   248 ||   499
  Dodge: Dodged            |    31 |    35 |    97 |   235 ||   398
  Block: Buckler           |    13 |    25 |    70 |   119 ||   227

Levels and vault maps discovered:
D:1:      shiori_arrival_whats_in_store_for_you, layout_basic
D:2:      layout_rooms, serial_shops, shop, basic_altar
D:3:      layout_rooms, lemuel_tele_altar, nicolae_overflow_hallway_of_the_gods,
          chequers_serial_rivers_small_3
D:4:      layout_cave_pods, serial_shops, kennysheep_mini, uniq_duvessa
D:5:      layout_basic
D:6:      layout_layer_cave, grunt_gozag_statues
D:7:      layout_basic, minmay_temple_entry_poolview
D:8:      gammafunk_steamed_eel, layout_layer_cave,
          gammafunk_temple_overflow_wave, minmay_door_square
D:9:      layout_cross, erik_lair_orcish_takeover,
          chequers_serial_rivers_micro_c
D:10:     layout_gridville, minmay_misc_feat_five,
          nicolae_kite_square_tiling_tiny, uniq_harold
D:11:     wad_lake_hut, layout_loops_ring, minmay_orc_entry_temple_small
Temple:   nicolae_temple_figure_eight
Orc:1:    layout_caves, uniq_erica
Orc:2:    grunt_orc_tribal_feast, layout_caves, basic_altar, special_room,
          nicolae_orc_damp_corner

Notes
Turn   | Place    | Note
-------+----------+-------------------------------------------
     0 | D:1      | Sanktem7 the Minotaur Fighter began the quest for the Orb.
     0 | D:1      | Reached XP level 1. HP: 19/19 MP: 0/0
     0 | D:1      | Noticed a minotaur
     0 | D:1      | Noticed a gargoyle
     0 | D:1      | magus.rc [v1.9.6]
     5 | D:1      | Noticed an elf
     7 | D:1      | Noticed a dwarf
     8 | D:1      | Noticed a vine stalker
     9 | D:1      | Noticed a dwarf
    11 | D:1      | Noticed an octopode
    11 | D:1      | Noticed an elf
    13 | D:1      | Noticed an octopode
    15 | D:1      | Noticed a demigod
    15 | D:1      | Noticed a gargoyle
    18 | D:1      | Noticed a demonspawn
    20 | D:1      | Noticed a vampire
    20 | D:1      | Noticed an octopode
   501 | D:1      | Reached XP level 2. HP: 24/27 MP: 1/1
   612 | D:1      | Reached skill level 3 in Axes
   769 | D:2      | Found a sparkling altar of Nemelex Xobeh.
   856 | D:2      | Found Mockeeb's Assorted Antiques.
   921 | D:2      | Reached skill level 4 in Fighting
   921 | D:2      | Reached skill level 4 in Armour
   921 | D:2      | Reached skill level 4 in Shields
   921 | D:2      | Reached XP level 3. HP: 28/33 MP: 2/2
  1360 | D:3      | Found an ornate altar of the Wu Jian Council.
  1373 | D:3      | HP: 6/33 [adder (4)]
  1376 | D:3      | HP: 2/49 [poisoned by an adder]
  1377 | D:3      | Identified a potion of experience
  1377 | D:3      | Reached skill level 6 in Fighting
  1377 | D:3      | Reached skill level 8 in Axes
  1377 | D:3      | Reached skill level 6 in Armour
  1377 | D:3      | Reached skill level 6 in Shields
  1377 | D:3      | Reached XP level 4. HP: 3/45 MP: 3/3
  1553 | D:3      | Reached skill level 7 in Armour
  1553 | D:3      | Reached XP level 5. HP: 22/51 MP: 4/4
  1678 | D:3      | Found a basalt altar of Yredelemnul.
  1685 | D:3      | Found a hide-covered altar of Uskayaw.
  1685 | D:3      | Found a snail-covered altar of Cheibriados.
  1693 | D:3      | Found a broken altar of Ashenzari.
  1779 | D:3      | Reached skill level 7 in Shields
  1929 | D:3      | Found a bloodstained altar of Trog.
  2110 | D:4      | Found Fateuv's General Store.
  2113 | D:4      | Bought a scroll of teleportation for 39 gold pieces
  2113 | D:4      | Bought a scroll of identify for 26 gold pieces
  2113 | D:4      | Bought a +0 cloak for 58 gold pieces
  2113 | D:4      | Bought a potion of curing for 39 gold pieces
  2166 | D:4      | Reached skill level 7 in Fighting
  2254 | D:4      | Noticed a centaur
  2266 | D:4      | Killed a centaur
  2267 | D:4      | Reached skill level 9 in Axes
  2267 | D:4      | Reached XP level 6. HP: 25/60 MP: 5/5
  2506 | D:4      | Noticed Duvessa
  2522 | D:4      | Noticed Dowan
  2532 | D:4      | HP: 14/60 [Duvessa/+0 vampiric short sword (8)]
  2539 | D:4      | HP: 10/60 [sleepcap (6)]
  2759 | D:4      | Killed Duvessa
  2760 | D:4      | Reached skill level 1 in Throwing
  2773 | D:4      | Killed Dowan
  2774 | D:4      | Reached XP level 7. HP: 54/66 MP: 6/6
  3196 | D:5      | Entered Level 5 of the Dungeon
  3285 | D:5      | You pick up a book of Armaments and begin reading...
  3285 | D:5      | You add the spells Stone Arrow, Animate Armour and
                  | Lehudib's Crystal Spear to your library.
  3682 | D:5      | Reached skill level 2 in Throwing
  3780 | D:5      | Reached XP level 8. HP: 73/73 MP: 7/7
  3792 | D:5      | You pick up a book of the Hunter and begin reading...
  3792 | D:5      | You add the spells Call Canine Familiar, Portal Projectile
                  | and Leda's Liquefaction to your library.
  4107 | D:6      | Reached skill level 10 in Axes
  4736 | D:6      | Found an opulent altar of Gozag.
  4880 | D:6      | Noticed a troll
  4883 | D:6      | Reached skill level 8 in Armour
  4895 | D:6      | HP: 16/74 [troll (5)]
  4896 | D:6      | Killed a troll
  4897 | D:6      | Reached skill level 8 in Fighting
  4897 | D:6      | Reached skill level 3 in Throwing
  4897 | D:6      | Reached skill level 8 in Shields
  5198 | D:6      | Reached XP level 9. HP: 80/81 MP: 8/8
  5642 | D:7      | Reached skill level 11 in Axes
  5642 | D:7      | HP: 20/82 [yak (12)]
  6105 | D:7      | Reached skill level 4 in Throwing
  6242 | D:7      | Found a staircase to the Ecumenical Temple.
  6251 | Temple   | Entered the Ecumenical Temple
  6415 | Temple   | Became a worshipper of Warmaster Okawaru
  6883 | D:8      | Reached XP level 10. HP: 80/90 MP: 9/9
  6916 | D:8      | You pick up a book of Decay and begin reading...
  6916 | D:8      | You add the spells Cigotuvi's Dreadful Rot and Dispel
                  | Undead to your library.
  7168 | D:8      | Noticed a two-headed ogre
  7169 | D:8      | Found a transporter.
  7176 | D:8      | Killed a two-headed ogre
  7176 | D:8      | Reached * piety under Okawaru
  7177 | D:8      | Reached skill level 9 in Armour
  7177 | D:8      | Reached skill level 1 in Invocations
  7328 | D:8      | Found a transporter.
  7358 | D:8      | Reached skill level 9 in Fighting
  7358 | D:8      | Reached skill level 9 in Shields
  7361 | D:8      | Reached skill level 12 in Axes
  7367 | D:8      | Reached skill level 2 in Invocations
  7714 | D:8      | Found a shadowy altar of Dithmenos.
  7714 | D:8      | Found a radiant altar of Vehumet.
  7862 | D:9      | Reached ** piety under Okawaru
  8167 | D:9      | You add the spells Gell's Gravitas, Teleport Other and
                  | Dispersal to your library.
  8267 | D:9      | Found a staircase to the Lair.
  8567 | D:10     | Entered Level 10 of the Dungeon
  8641 | D:10     | Reached skill level 5 in Throwing
  8687 | D:10     | You fall into a shaft and drop 1 floor!
  8745 | D:11     | Reached *** piety under Okawaru
  8884 | D:11     | Noticed a smoke demon
  8892 | D:11     | Reached XP level 11. HP: 86/97 MP: 12/12
  8912 | D:11     | Reached skill level 3 in Invocations
  8943 | D:11     | Found a staircase to the Orcish Mines.
  9321 | D:11     | Reached **** piety under Okawaru
  9329 | D:11     | Reached skill level 13 in Axes
  9355 | D:11     | Noticed a two-headed ogre
  9372 | D:11     | Killed a two-headed ogre
  9373 | D:11     | Reached skill level 10 in Armour
  9477 | D:11     | Identified the ring "Zeyfuim" {EV+5 Str+4}
  9671 | D:11     | Reached skill level 10 in Shields
 10095 | D:10     | You pick up a book of Iron and begin reading...
 10095 | D:10     | You add the spells Blade Hands and Iron Shot to your
                  | library.
 10126 | D:10     | You pick up a book of Dangerous Friends and begin
                  | reading...
 10201 | D:10     | Noticed Harold
 10208 | D:10     | Reached skill level 10 in Fighting
 10208 | D:10     | Killed Harold
 10209 | D:10     | Reached skill level 4 in Invocations
 10358 | D:10     | Noticed a two-headed ogre
 10362 | D:10     | Killed a two-headed ogre
 10362 | D:10     | Reached ***** piety under Okawaru
 10362 | D:10     | Received a gift from Okawaru
 10363 | D:10     | Reached skill level 6 in Throwing
 10559 | Orc:1    | Entered Level 1 of the Orcish Mines
 10699 | Orc:1    | Noticed a two-headed ogre
 10704 | Orc:1    | Killed a two-headed ogre
 10960 | Orc:2    | Entered Level 2 of the Orcish Mines
 10960 | Orc:2    | Noticed an orc sorcerer
 10963 | Orc:2    | Noticed an orc high priest
 10964 | Orc:2    | Noticed a soul eater
 10964 | Orc:2    | Paralysed by an orc sorcerer for 2 turns
 10975 | Orc:1    | Killed an orc sorcerer
 11163 | Orc:1    | Killed an orc high priest
 11225 | Orc:2    | Noticed an orc knight
 11230 | Orc:2    | Reached skill level 14 in Axes
 11230 | Orc:2    | Reached XP level 12. HP: 93/107 MP: 14/14
 11233 | Orc:2    | Identified the +1 cloak "Iwkioll" {rC+ Will+ Str+4 Dex-4}
                  | (Okawaru gifted it to you on level 2 of the Orcish Mines)
 11233 | Orc:2    | Received a gift from Okawaru
 11268 | Orc:2    | Paralysed by an orc sorcerer for 5 turns
 11473 | Orc:2    | Found a staircase to the Elven Halls.
 11477 | Orc:2    | Noticed an ettin
 11491 | Orc:2    | HP: 22/108 [ettin/+0 dire flail (23)]
 11745 | Orc:2    | Reached skill level 5 in Invocations
 11765 | Orc:1    | HP: 27/108 [poisoned by an orc warrior]
 11983 | Orc:2    | Killed an ettin
 12713 | Orc:2    | Noticed an orc high priest
 12713 | Orc:2    | Noticed an orc high priest
 12714 | Orc:2    | Noticed an orc high priest
 12753 | Orc:1    | Killed an orc high priest
 12754 | Orc:1    | Reached skill level 11 in Armour
 12759 | Orc:1    | Reached skill level 11 in Shields
 12962 | Orc:1    | Reached skill level 7 in Throwing
 12966 | Orc:1    | Killed an orc high priest
 12967 | Orc:1    | Reached skill level 11 in Fighting
 13171 | Orc:2    | Killed an orc high priest
 13276 | Orc:2    | HP: 24/110 [sixfirhy[an orc sorcerer] (11)]
 13276 | Orc:2    | HP: 6/110 [sixfirhy[an orc sorcerer] (9)]
 13276 | Orc:2    | Demolished by an orc knight

Vanquished Creatures
  An ettin (Orc:2)
  Harold (D:10)
  4 two-headed ogres
  4 orc high priests
  2 orc knights
  3 orc sorcerers
  An unseen horror (D:11)
  2 kobold demonologists (D:11)
  4 trolls
  A shadow (D:11)
  2 wraiths (D:10)
  19 yaks
  5 vampire mosquitoes
  3 wargs
  An acid dragon (D:8)
  2 water moccasins
  Duvessa (D:4)
  4 ice beasts
  A black bear (D:7)
  24 orc warriors
  3 ogres (Orc:2)
  6 centaurs
  3 phantoms
  2 kobold brigands
  A scorpion (D:6)
  2 bullfrogs
  5 wights (D:10)
  Dowan (D:4)
  6 killer bees (D:7)
  3 electric eels (D:11)
  5 howler monkeys
  7 hounds
  5 jellies
  21 orc priests
  4 iguanas
  A sleepcap (D:8)
  24 orc wizards
  6 adders
  3 gnolls (D:5)
  A shadow imp (D:6)
  2 white imps
  2 ufetubi
  A worm (D:2)
  3 dart slugs
  81 orcs
  8 ball pythons
  2 bats
  8 endoplasms
  A giant cockroach (D:1)
  4 goblins
  3 hobgoblins
  6 jackals
  3 quokkas
  2 frilled lizards (D:2)
  12 kobolds
  4 rats
336 creatures vanquished.

Table legend:
 A = Non-vault XP
 B = Vault XP
 C = Vault XP percentage of total XP
 D = Non-vault monster count
 E = Vault monster count
 F = Vault count percentage of total count
                 A         B        C        D         E       F
            +---------+---------+-------+---------+---------+-------
      Total |   22707 |    7292 |  24.3 |     288 |      48 |  14.3
            +---------+---------+-------+---------+---------+-------
        D:1 |      19 |       0 |   0.0 |      10 |       0 |   0.0
        D:2 |      56 |       0 |   0.0 |      15 |       0 |   0.0
        D:3 |      91 |       0 |   0.0 |      22 |       0 |   0.0
        D:4 |     366 |     215 |  37.0 |      18 |       2 |  10.0
        D:5 |     848 |       0 |   0.0 |      20 |       0 |   0.0
        D:6 |    1192 |       0 |   0.0 |      30 |       0 |   0.0
        D:7 |    2370 |       0 |   0.0 |      26 |       0 |   0.0
        D:8 |    2481 |       0 |   0.0 |      16 |       0 |   0.0
        D:9 |     983 |     580 |  37.1 |      21 |       8 |  27.6
       D:10 |    1626 |     905 |  35.8 |       8 |       1 |  11.1
       D:11 |    5197 |     337 |   6.1 |      37 |      14 |  27.5
      Orc:1 |    3989 |    2490 |  38.4 |      34 |       5 |  12.8
      Orc:2 |    3489 |    2765 |  44.2 |      31 |      18 |  36.7
            +---------+---------+-------+---------+---------+-------

Skill      XL: |  1  2  3  4  5  6  7  8  9 10 11 12 |
---------------+-------------------------------------+-----
Axes           | 3 8 9 10 11 12 14 | 14.8
Fighting       | 4 6 7 8 9 10 11 | 11.1
Armour         | 4 6 7 8 9 10 11 | 11.2
Shields        | 4 6 7 8 9 10 11 | 11.1
Throwing       | 1 2 3 4 5 6 7 |  7.2
Invocations    | 2 4 5 |  5.0

Action                     |  1- 3 |  4- 6 |  7- 9 | 10-12 || total
---------------------------+-------+-------+-------+-------++-------
  Melee: War axe           |    58 |    82 |   224 |   369 ||   733
         Headbutt          |     9 |    10 |    40 |    69 ||   128
    Use: Potion            |     3 |     1 |       |     1 ||     5
         Scroll            |       |     5 |     5 |    10 ||    20
 Armour: Scale mail        |    28 |       |       |       ||    28
         Skin              |     3 |     2 |       |       ||     5
         Plate armour      |       |    68 |   183 |   248 ||   499
  Dodge: Dodged            |    31 |    35 |    97 |   235 ||   398
  Block: Buckler           |    13 |    25 |    70 |   119 ||   227

Illustrated notes

Table legend:
 A = Kills in this place as a percentage of kills in the entire game.
 B = Kills by you in this place as a percentage of kills by you in the entire game.
 C = Kills by friends in this place as a percentage of kills by friends in the entire game.
 D = Other kills in this place as a percentage of other kills in the entire game.
 E = Experience gained in this place as a percentage of experience gained in the entire game.
 F = Experience gained in this place divided by the number of levels of this place that you have seen.
                   A       B       C       D       E      F
               +-------+-------+-------+-------+-------+----------------------
         Total | 100.0 | 100.0 |   N/A |   N/A | 100.0 | 2142.8
       Dungeon |  73.8 |  73.8 |   N/A |   N/A |  57.6 | 1569.6
  Orcish Mines |  26.2 |  26.2 |   N/A |   N/A |  42.4 | 6366.5
               +-------+-------+-------+-------+-------+----------------------

Table legend: (Time is in decaauts)
 A = Elapsed time spent in this place.
 B = Non-inter-level travel time spent in this place.
 C = Inter-level travel time spent in this place.
 D = Time resting spent in this place.
 E = Time spent auto-exploring this place.
 F = Levels seen in this place.
 G = Mean time per level.
                   A        B        C        D        E       F      G
               +--------+--------+--------+--------+--------+-----+--------+
         Total |  13292 |  12835 |    457 |   1673 |   9385 |  14 |  949.4 |
       Dungeon |  10406 |   9993 |    413 |    304 |   8326 |  11 |  946.0 |
        Temple |    195 |    166 |     29 |      0 |    151 |   1 |  195.0 |
  Orcish Mines |   2690 |   2675 |     15 |   1369 |    908 |   2 | 1345.0 |
               +--------+--------+--------+--------+--------+-----+--------+

Top non-repeatable levels by time:
   Orc:1: 1612 daAuts
    D:11: 1404 daAuts
     D:6: 1321 daAuts
     D:8: 1268 daAuts
   Orc:2: 1078 daAuts
     D:3: 971 daAuts
     D:4: 968 daAuts
     D:7: 904 daAuts
     D:5: 889 daAuts
     D:9: 784 daAuts
     D:1: 748 daAuts
    D:10: 608 daAuts
     D:2: 538 daAuts
  Temple: 195 daAuts
